 Dungeon Crawl Stone Soup version 0.24-a0-500-g46574c2197 (webtiles) character file.

Game seed: 17039539849334925668

1990 KristoblXynda the Ruffian (level 9, -3/84 HPs)
             Began as a Troll Wizard on July 15, 2019.
             Was a Follower of Cheibriados.
             Slain by an unseen horror (7 damage)
             ... on level 7 of the Dungeon.
             The game lasted 00:11:35 (4940 turns).

KristoblXynda the Ruffian (Troll Wizard)            Turns: 4940, Time: 00:11:36

Health: -3/84      AC:  7    Str: 20    XL:     9   Next: 1%
Magic:  0/11       EV: 10    Int: 20    God:    Cheibriados [*.....]
Gold:   374        SH:  0    Dex: 11    Spells: 8/12 levels left

rFire    . . .     SeeInvis .     - Unarmed
rCold    . . .     Gourm    +   (no shield)
rNeg     . . .     Faith    .   a - +0 robe
rPois    .         Spirit   +   b - +0 hat
rElec    .         Reflect  .   k - +0 cloak
rCorr    .         Harm     .   (gloves unavailable)
MR       .....                  (boots unavailable)
Stlth    +.........             e - amulet of guardian spirit
HPRegen  0.64/turn              (no ring)
MPRegen  0.12/turn              (no ring)

@: about to teleport, very slow
A: large, unfitting armour, claws 3, fast metabolism 3, gourmand, regeneration
1, shaggy fur 1, tough skin 3
a: Bend Time, Renounce Religion


You were on level 7 of the Dungeon.
You worshipped Cheibriados.
Cheibriados was aware of your devotion.
You were completely stuffed.

You visited 2 branches of the dungeon, and saw 8 of its levels.

You collected 374 gold pieces.

Inventory:

Hand Weapons
 q - a +0 morningstar of flaming
Armour
 a - a +0 robe (worn)
 b - a +0 hat (worn)
 k - a +0 cloak (worn)
 x - a +0 shield
Jewellery
 e - an amulet of guardian spirit (around neck)
 g - an uncursed ring of fire
 m - a +2 amulet of reflection {unknown}
Wands
 u - a wand of flame (20)
Scrolls
 c - 2 scrolls of remove curse
 f - a scroll of enchant weapon {unknown}
 h - a scroll of fog
 j - a scroll of amnesia {unknown}
 l - a scroll of vulnerability {unknown}
Potions
 i - 2 potions of mutation
 n - a potion of brilliance
 p - 2 potions of resistance
 t - a potion of invisibility
 A - 2 potions of flight
Comestibles
 d - 8 rations


   Skills:
 + Level 3.6 Fighting
 - Level 2.2 Dodging
 - Level 1.0 Stealth
 + Level 7.3 Unarmed Combat
 - Level 2.0 Spellcasting
 + Level 5.6 Conjurations
   Level 0.6 Summonings
   Level 0.6 Translocations


You had 8 spell levels left.
You knew the following spells:

 Your Spells              Type           Power        Failure   Level  Hunger
a - Magic Dart            Conj           ###.         1%          1    #......
b - Mephitic Cloud        Conj/Pois/Air  #.......     22%         3    ###....

Your spell library contained the following spells:

 Spells                   Type           Power        Failure   Level  Hunger
 Conjure Flame            Conj/Fire      ##......     14%         3    ###....
 Blink                    Tloc           N/A          19%         2    ##.....
 Call Imp                 Summ           #.......     19%         2    ##.....
 Slow                     Hex            #.......     24%         2    ##.....


Dungeon Overview and Level Annotations

Branches:
Dungeon (6/15)             Temple (1/1) D:4

Altars:
Ashenzari
Cheibriados
Dithmenos
Fedhas
Gozag
Hepliaklqana
Kikubaaqudgha
Makhleb
Nemelex Xobeh
Okawaru
Qazlal
Ru
Trog
Vehumet
Yredelemnul
Zin
The Shining One


Innate Abilities, Weirdness & Mutations

You are too large for most types of armour.
You have claws for hands.
Your metabolism is lightning-fast.
You like to eat raw meat.
Your natural rate of healing is unusually fast.
You are covered in fur. (AC +1)
You have extremely tough skin. (AC +3)


Message History

You barely miss something. Something hits you.
* * * LOW HITPOINT WARNING * * *
You claw the worker ant!
The worker ant is almost dead.
The worker ant bites you but does no damage.
You closely miss the worker ant.
The worker ant is almost dead.
The worker ant bites you but does no damage.
As you read the scroll of teleportation, it crumbles to dust.
You feel strangely unstable. The worker ant barely misses you.
You barely miss the worker ant.
The worker ant is almost dead.
The worker ant bites you but does no damage.
You claw the worker ant!
You kill the worker ant!
Cheibriados thoroughly appreciates the change of pace.
Something hits you!
* * * LOW HITPOINT WARNING * * *
You barely miss something. Something hits you!
You die...

#.# .# # #. #.# #.###
#.#.## #.# #.#. .#..#
#.# #..# ...# #.# #..
#..# #.# #.## #..# #.#
###.###..#####.####...
#...{.#..†@)..........
###..##.#.######.####...
....#.##..# #.#
#...#.##..#.# #.# #.#
#..#..#.# #.# # #)###.#
#.# ............# #.#
#######.#..## #.# #...##
#.#


There were no monsters in sight!

Vanquished Creatures
  Prince Ribbit (D:5)
  A hornet (D:7)
  Sigmund (D:3)
  Duvessa (D:7)
  An ice beast (D:5)
  A centaur (D:7)
  Dowan (D:7)
  2 scorpions (D:4)
  A water moccasin skeleton (D:3)
  2 howler monkeys (D:5)
  3 crimson imps
  A centaur zombie (D:5)
  A hound (D:4)
  2 orc priests
  Crazy Yiuf (D:3)
  5 orc wizards
  A bullfrog skeleton (D:7)
  Natasha (thrice) (D:2)
  6 worker ants
  13 adders
  6 gnolls
  An ooze (D:1)
  2 adder zombies (D:5)
  4 worms
  4 dart slugs
  3 leopard geckos
  30 orcs
  7 giant cockroaches
  7 goblins
  10 hobgoblins
  5 jackals
  2 quokkas
  6 bats
  2 frilled lizards
  A jackal skeleton (D:4)
  9 kobolds
  A quokka skeleton (D:5)
  5 rats (D:1)
  A fungus (D:3)
154 creatures vanquished.

Notes
Turn   | Place    | Note
-------+----------+-------------------------------------------
     0 | D:1      | KristoblXynda the Troll Wizard began the quest for the Orb.
     0 | D:1      | Reached XP level 1. HP: 16/16 MP: 2/2
    42 | D:1      | Reached skill level 1 in Conjurations
    90 | D:1      | Reached skill level 1 in Unarmed Combat
    90 | D:1      | Reached XP level 2. HP: 24/24 MP: 4/4
   380 | D:1      | Reached XP level 3. HP: 29/31 MP: 5/5
   497 | D:1      | Reached skill level 2 in Unarmed Combat
   784 | D:2      | Learned a level 3 spell: Mephitic Cloud
   821 | D:2      | Reached XP level 4. HP: 33/39 MP: 6/6
   832 | D:2      | Reached skill level 3 in Unarmed Combat
  1005 | D:2      | Reached XP level 5. HP: 45/45 MP: 7/7
  1027 | D:2      | Found a radiant altar of Vehumet.
  1028 | D:2      | Noticed Natasha
  1063 | D:2      | Killed Natasha
  1168 | D:2      | Noticed Natasha
  1176 | D:2      | Killed Natasha
  1280 | D:2      | Found an opulent altar of Gozag.
  1438 | D:2      | Noticed Natasha
  1446 | D:2      | Killed Natasha
  1610 | D:3      | Reached skill level 4 in Unarmed Combat
  1632 | D:3      | Reached XP level 6. HP: 50/53 MP: 5/8
  1883 | D:3      | Found a faded altar of an unknown god.
  2399 | D:3      | Noticed Sigmund
  2418 | D:3      | Killed Sigmund
  2418 | D:3      | Reached skill level 5 in Unarmed Combat
  2418 | D:3      | Reached XP level 7. HP: 49/59 MP: 2/9
  2571 | D:3      | Found a runed translucent door.
  2572 | D:3      | Noticed Crazy Yiuf
  2580 | D:3      | Killed Crazy Yiuf
  3292 | D:4      | Found a staircase to the Ecumenical Temple.
  3303 | Temple   | Entered the Ecumenical Temple
  3314 | Temple   | Became a worshipper of Cheibriados the Contemplative
  3429 | D:4      | Found a glowing golden altar of the Shining One.
  3656 | D:5      | Entered Level 5 of the Dungeon
  3678 | D:5      | Reached skill level 1 in Fighting
  3732 | D:5      | Reached skill level 6 in Unarmed Combat
  3736 | D:5      | Reached XP level 8. HP: 69/70 MP: 10/10
  3878 | D:5      | Reached * piety under Cheibriados
  4244 | D:5      | You fall into a shaft and drop 1 floor!
  4333 | D:5      | Noticed Prince Ribbit
  4363 | D:5      | Reached skill level 5 in Conjurations
  4691 | D:5      | Killed Prince Ribbit
  4805 | D:5      | You fall into a shaft and drop 2 floors!
  4807 | D:7      | Noticed Duvessa
  4807 | D:7      | Noticed Dowan
  4809 | D:7      | Noticed a hornet
  4817 | D:7      | Killed Dowan
  4821 | D:7      | Killed a hornet
  4821 | D:7      | Reached skill level 7 in Unarmed Combat
  4823 | D:7      | Killed Duvessa
  4901 | D:7      | Identified the cursed +1 shortbow of Keonuod {velocity, MR-
                  | MP+9 Str+4 Dex+9}
  4907 | D:7      | Reached XP level 9. HP: 69/84 MP: 9/11
  4939 | D:7      | HP: 3/84 [something (8)]
  4940 | D:7      | Slain by an unseen horror

Levels and vault maps discovered:
D:1:      eino_arrival_water_star, layout_basic, minivault_4
D:2:      layout_rooms, grunt_gozag_breadcrumbs, overflow_temple_1_default,
          first_ration, uniq_natasha
D:3:      layout_loops_ring, chequers_ecumenical_altar_island,
          serial_park_tiny_1, kennysheep_generic_room_15, uniq_sigmund,
          uniq_crazy_yiuf_cottage
D:4:      layout_loops_corners, marbit_many_paths, minmay_temple_entry_crystal_x
D:5:      layout_basic, uniq_prince_ribbit1
D:6:      layout_rooms, xom_butterflies, uniq_edmund
D:7:      minmay_the_grid_square_5x5_3x3
          [minmay_the_grid_square_5x5_eight_small,
          minmay_the_grid_square_5x5_three_walls, minmay_the_grid_square_5x5_v,
          minmay_the_grid_square_5x5_slash,
          minmay_the_grid_square_5x5_megaprize_checkered,
          minmay_the_grid_square_5x5_misaligned,
          minmay_the_grid_square_5x5_tri_point,
          minmay_the_grid_square_5x5_broken_cross,
          minmay_the_grid_square_5x5_minivault], layout_loops_ring,
          lemuel_doored_altar, tgw_sif, serial_shops, shop, uniq_duvessa
Temple:   eino_temple_lava

Skill      XL: |  1  2  3  4  5  6  7  8 |
---------------+-------------------------+-----
Conjurations   | 1 2 3 4 5 |  5.6
Unarmed Combat | 1 2 3 4 5 6 7 |  7.3
Dodging        | 2 |  2.2
Fighting       | 1 3 |  3.6
Stealth        | |  1.0
Spellcasting   | |  2.0
Summonings     | |  0.6
Translocations | |  0.6

Action                   |  1- 3 |  4- 6 |  7- 9 || total
-------------------------+-------+-------+-------++-------
Melee: Unarmed           |   133 |   185 |   229 ||   547
       Punch             |       |       |    10 ||    10
 Cast: Magic Dart        |       |    14 |       ||    14
       Mephitic Cloud    |       |     1 |     6 ||     7
Evoke: Wand              |       |       |     1 ||     1
  Use: Potion            |       |     2 |     3 ||     5
       Scroll            |       |       |    15 ||    15
 Stab: Confused          |       |     1 |     2 ||     3
       Sleeping          |       |       |     2 ||     2
  Eat: Chunk             |    13 |    15 |    22 ||    50
Armor: Robe              |    63 |    61 |    72 ||   196
Dodge: Dodged            |    73 |    68 |   119 ||   260

Table legend:
 A = Non-vault XP
 B = Vault XP
 C = Vault XP percentage of total XP
 D = Non-vault monster count
 E = Vault monster count
 F = Vault count percentage of total count
                 A         B        C        D         E       F
            +---------+---------+-------+---------+---------+-------
      Total |    1645 |    1198 |  42.1 |     139 |      14 |   9.2
            +---------+---------+-------+---------+---------+-------
        D:1 |      56 |       0 |   0.0 |      26 |       0 |   0.0
        D:2 |     262 |      35 |  11.8 |      32 |       1 |   3.0
        D:3 |     253 |     253 |  50.0 |      32 |       4 |  11.1
        D:4 |     378 |       2 |   0.5 |      23 |       1 |   4.2
        D:5 |     669 |     283 |  29.7 |      24 |       1 |   4.0
        D:6 |      14 |       0 |   0.0 |       1 |       0 |   0.0
        D:7 |      13 |     625 |  98.0 |       1 |       7 |  87.5
            +---------+---------+-------+---------+---------+-------
